 Dungeon Crawl Stone Soup version 0.31.0-12-g77e489cdc1 (webtiles) character file.

Game seed: 7926762160308231327

120752 spaghetti the Conqueror (level 16, -5/217 HPs)
             Began as an Oni Chaos Knight on Feb 17, 2024.
             Was a Plaything of Xom.
             Killed from afar by a shock serpent (21 damage)
             ... with a bolt of electricity
             ... led by a vault warden
             ... on level 1 of the Vaults.
             The game lasted 00:51:21 (24678 turns).

spaghetti the Conqueror (Oni Chaos Knight)         Turns: 24678, Time: 00:51:22

Health: -5/217     AC:  9    Str: 28    XL:     16   Next: 83%
Magic:  16/16      EV: 39    Int: 11    God:    Xom [.....*]
Gold:   1699       SH:  0    Dex: 18    Spells: 15/15 levels left

rFire   . . .        t - +11 mace "Suixekkeaff" {flame, *Rage rN++ rCorr Stlth+}
rCold   + + .        (no shield)
rNeg    + + .        f - +0 troll leather armour
rPois   .            y - +0 hat {Stlth+}
rElec   .            H - +0 cloak
rCorr   +            (gloves unavailable)
SInv    .            (boots unavailable)
Will    ++...        x - amulet "Niffeg" {Acrobat rC++ Regen+}
Stlth   +++          p - +6 ring of strength
HPRegen 2.16/turn    C - +5 ring of evasion
MPRegen 0.15/turn

%: acrobat, clarity
@: acrobatic
A: large, unfitting armour, horns 2, tough skin 1, double potion healing,
drunken brawling, fangs 1, iridescent scales 2, agile 2, clarity, strong-willed
1, mutation resistance 1, sense surroundings 1, MP-powered wands
a: Renounce Religion


You were on level 1 of the Vaults.
You worshipped Xom.
You were Xom's teddy bear.
You visited 5 branches of the dungeon, and saw 23 of its levels.
You visited 1 bazaar.
You also visited: Gauntlet.

You collected 2152 gold pieces.
You spent 453 gold pieces at shops.

Inventory:

Hand Weapons
 c - a +3 demon trident of chaos
 j - the +9 mace of Resumed Hostilities {drain, rCorr Dex+2}
   (You found it on level 4 of the Dungeon)

   Dex+2:     It affects your dexterity (+2).
   rCorr:     It protects you from acid and corrosion.
 t - the +11 mace "Suixekkeaff" (weapon) {flame, *Rage rN++ rCorr Stlth+}
   (You found it on level 15 of the Dungeon)

   rN++:      It greatly protects you from negative energy.
   *Rage:     It berserks you when you make melee attacks (+20% chance).
   rCorr:     It protects you from acid and corrosion.
   Stlth+:    It makes you more stealthy.
Missiles
 S - 16 large rocks
Armour
 a - a +2 robe
 f - a +0 troll leather armour (worn)
 y - a +0 hat of stealth (worn)
 H - a +0 cloak (worn)
Jewellery
 b - the ring "Myganetz" {rF+ Will+ Dex+3}
   (Xom gifted it to you on level 1 of the Vaults)

   [ring of protection from fire]

   Dex+3:     It affects your dexterity (+3).
   rF+:       It protects you from fire.
   Will+:     It increases your willpower.
 n - a ring of protection from cold
 p - a +6 ring of strength (left hand)
 x - the amulet "Niffeg" (around neck) {Acrobat rC++ Regen+}
   (You took it off an orc on level 10 of the Dungeon)

   [amulet of the acrobat]

   Acrobat:   It increases your evasion while moving and waiting.
   rC++:      It greatly protects you from cold.
   Regen+:    It increases your rate of health regeneration.
 z - a ring of resist corrosion
 A - a ring of fire
 C - a +5 ring of evasion (right hand)
 F - a ring of wizardry
 K - an amulet of magic regeneration
 N - an amulet of the acrobat
 Q - an amulet of guardian spirit
 X - a ring of flight
 Y - a ring of positive energy
Wands
 m - a wand of polymorph (16)
 D - a wand of mindburst (16)
 G - a wand of iceblast (12)
 I - a wand of digging (12)
Scrolls
 e - 4 scrolls of immolation
 h - 3 scrolls of amnesia
 o - 2 scrolls of poison
 r - a scroll of noise
 s - 2 scrolls of vulnerability
 w - a scroll of identify
 B - a scroll of brand weapon
 E - 2 scrolls of fog
 L - 4 scrolls of enchant armour
 R - 5 scrolls of revelation
Potions
 g - 3 potions of mutation
 i - 5 potions of brilliance
 k - 5 potions of degeneration
 l - 3 potions of cancellation
 q - 2 potions of enlightenment
 u - 3 potions of magic


   Skills:
 O Level 27 Fighting
 - Level 6.1 Maces & Flails
 + Level 6.6 Throwing
 - Level 2.4 Armour
 + Level 15.7 Dodging
 - Level 2.6 Unarmed Combat
 + Level 5.4 Evocations


You had 15 spell levels left.
You didn't know any spells.
Your spell library contained the following spells:

 Spells                   Type           Power      Damage    Failure   Level
 Apportation              Tloc           0%         N/A       36%         1
 Magic Dart               Conj           0%         1d3       36%         1
 Necrotise                Necr           0%         1d4       36%         1
 Sandblast                Erth           0%         2d4       36%         1
 Slow                     Hex            0%         N/A       36%         1
 Sting                    Conj/Alch      0%         1d3       36%         1
 Summon Small Mammal      Summ           0%         N/A       36%         1
 Cigotuvi's Dreadful Rot  Necr/Alch/Air  0%         N/A       52%         2
 Jinxbite                 Hex            0%         N/A       52%         2
 Searing Ray              Conj           0%         2d4       52%         2
 Confusing Touch          Hex            0%         N/A       75%         3
 Frozen Ramparts          Ice            0%         1d1       75%         3
 Passwall                 Erth           0%         N/A       75%         3
 Sigil of Binding         Hex            0%         N/A       75%         3
 Stone Arrow              Conj/Erth      0%         3d7       75%         3
 Vampiric Draining        Necr           0%         2d6       75%         3
 Brom's Barrelling Bould  Conj/Erth      0%         2d3       98%         4
 Fulminant Prism          Conj/Alch      0%         3d5       98%         4
 Ignite Poison            Fire/Alch      0%         N/A       98%         4
 Leda's Liquefaction      Alch/Erth      0%         N/A       98%         4
 Passage of Golubria      Tloc           0%         N/A       98%         4
 Petrify                  Alch/Erth      0%         N/A       98%         4
 Alistair's Intoxication  Alch           0%         N/A       100%        5
 Freezing Cloud           Conj/Ice/Air   0%         6-21      100%        5
 Lee's Rapid Deconstruct  Erth           0%         3d4*      100%        5
 Metabolic Englaciation   Hex/Ice        0%         N/A       100%        5
 Silence                  Hex/Air        0%         N/A       100%        5
 Bombard                  Conj/Erth      0%         9d1       100%        6
 Lehudib's Crystal Spear  Conj/Erth      0%         10d2      100%        8


Dungeon Overview and Level Annotations

Branches:
Dungeon (15/15)            Temple (0/1) D:5            Lair (4/5) D:10
  Swamp (1/4) Lair:2        Snake (0/4) Lair:3          Orc (2/2) D:10
    Elf (0/3) Orc:2        Vaults (1/5) D:14         Depths (0/4) D:15
Gauntlet (visited)
  Slime: Lair:4-5

Altars:
Cheibriados
Dithmenos
Elyvilon
Fedhas
Kikubaaqudgha
Makhleb
Nemelex Xobeh
Qazlal
Vehumet
Xom
Yredelemnul

Shops:
Orc:2 ?!*[!*

Portals:
Trove: D:14 (give +3 gold dragon scales)

Annotations:
D:12 2 runed translucent doors, exclusion: orange crystal statue
D:15 Roxanne
Vaults:1 36 runed translucent doors


Innate Abilities, Weirdness & Mutations

You are too large for most types of armour.
You have a pair of horns on your head.
You have tough skin. (AC +1)
You gain doubled healing and magic from potions.
Whenever you drink a healing potion, you attack all around you.
You have very sharp teeth.
You are mostly covered in iridescent scales. (AC +4)
You are very agile. (Dex +8, Str/Int -2)
You possess an exceptional clarity of mind.
You are strong-willed. (Will+)
You are somewhat resistant to further mutation.
You passively map a small area around you.
You expend magic power (3 MP) to strengthen your wands.


Message History

Unknown command.
Unknown command.
Okay, then.
The ironbound frostheart calls freezing cold from the walls.
The frost grips you. You resist.
* * * LOW HITPOINT WARNING * * *
You are encased in ice.
Unknown command.
Unknown command.
Okay, then.
You take a swig of the potion and twirl the +11 mace "Suixekkeaff" {flame, *Rage rN++ rCorr Stlth+}.
You closely miss the vault guard.
You headbutt the vault guard, but do no damage.
Your bite misses the vault guard.
The vault guard is lightly wounded.
You savour every drop.
You feel better.
Unknown command.
The ice encasing you melts away. The vault guard misses you.
Unknown command. "Forecast: mostly cloudy."
The vault guard attacks as it pursues you!
The vault guard misses you.
You hear Xom's avuncular chuckle.
The ironbound frostheart evaporates and reforms as a shock serpent!
Unknown command.
The vault guard attacks as it pursues you!
The vault guard hits you with a +0 great sword!!
* * * LOW HITPOINT WARNING * * *
Unknown command.
Unknown command.
Okay, then.
Okay, then.
Unknown command.
The shock serpent shoots out a bolt of lightning at you!
The bolt of electricity hits you!
* * * LOW HITPOINT WARNING * * *
The bolt of electricity hits you!!
You die...
Xom chortles!

.......#..####.#.####)#..........
...∩...#..#..TO#....#.#..........
#.....##..##'####'###.#..........
#.....##..#.T.p#....#)#..........
##...###..####)'.#'##.#..........
##'## #..#.#.#..'.#..........
##...## #'.'.'.#.##.#..........
#.....##########'######..........
#.....##........@.p.§.#[.........
.......#..........Sp§§§..........
......[#..++++++++++§p###########
.......#..++++++++++T§#..........
.......'..++ + +++p)#..........
.......#..++ ∆∆∆∆+++..#########..
#.....##..++ ∆∆ ++..#.p.....#..
#.....##..++ ∆∆∆ ++..'.T.....+..
##...###..+++ ∆, ++..#.......#..


You could see 2 vault guards, an ironbound frostheart (strong), a deep troll, a
shock serpent and an ironbound convoker.

Vanquished Creatures
  Gastronok (D:8)
  A frost giant (Vaults:1)
  5 vault wardens (Vaults:1)
  3 ironbound preservers (Vaults:1)
  A stone giant (Vaults:1)
  The ghost of Larett the Carver, a journeyman OnGl of Gozag (Lair:4)
  2 ironbound thunderhulks (Vaults:1)
  Nessos (D:15)
  3 dire elephants (Vaults:1)
  A bunyip (Swamp:1)
  The ghost of RotoMola the Spear-Bearer, a journeyman DrEn of Nemelex Xobeh (Lair:1)
  3 vault guards (D:14)
  A yaktaur captain (Vaults:1)
  Erica (Lair:2)
  An ironbound frostheart (D:14)
  6 hydras
  An alligator (Lair:3)
  7 centaur warriors
  2 ogre magi (Orc:2)
  A boulder beetle (D:15)
  11 two-headed ogres
  A tengu warrior (D:14)
  2 death yaks
  A deep troll earth mage (D:15)
  Urug (D:12)
  A swamp dragon (Swamp:1)
  Lodul (D:12)
  12 deep trolls
  A spriggan druid (Swamp:1)
  An orb spider (Vaults:1)
  A spectral hydra (Gauntlet)
  2 ironbound convokers (Vaults:1)
  3 arcanists
  2 lindwurms (Vaults:1)
  Pikel (D:6)
  4 deep elf pyromancers
  12 ugly things
  11 harpies (Vaults:1)
  4 manticores
  Maurice (D:7)
  6 cyclopes
  A meliai (shapeshifter) (D:15)
  3 elephants
  A meliai (D:14)
  6 black mambas
  6 kobold blastminers
  3 vault sentinels (Vaults:1)
  A gargoyle (D:11)
  A kobold demonologist (D:9)
  8 cane toads
  4 yaktaurs (Vaults:1)
  An unseen horror (D:13)
  A cane toad (shapeshifter) (Lair:3)
  A rime drake (Lair:1)
  6 komodo dragons
  9 trolls
  4 tyrant leeches
  2 polar bears (Lair:3)
  Grinder (D:4)
  38 blink frogs
  A jumping spider (Gauntlet)
  8 slime creatures
  Sigmund (D:6)
  A vampire (D:13)
  A centaur simulacrum (D:15)
  45 yaks
  3 wyverns
  A wraith (D:14)
  A shadow (D:11)
  9 humans
  A human (shapeshifter) (D:13)
  7 vampire mosquitoes
  2 basilisks
  5 wargs
  A fire bat (Lair:4)
  Menkaure (D:7)
  2 swamp worms
  An acid dragon (D:10)
  6 nagas (Lair:3)
  10 water moccasins
  14 orc warriors
  Duvessa (D:7)
  6 ice beasts
  2 black bears
  24 ogres
  2 sky beasts
  17 wolves
  10 centaurs
  3 boggarts
  A lemure (D:6)
  6 kobold brigands
  Blork the orc (D:4)
  9 bullfrogs
  3 scorpions
  10 wights
  Dowan (D:7)
  3 electric eels
  7 howler monkeys
  A crimson imp (D:3)
  A wyvern simulacrum (Gauntlet)
  6 hounds
  2 jellies
  9 orc priests
  A sleepcap (D:6)
  2 gnoll boudas
  Ijyb (D:4)
  5 iguanas
  20 orc wizards
  A hell rat (D:14)
  9 gnolls
  8 adders
  3 shadow imps (Gauntlet)
  3 white imps
  2 ufetubi (D:5)
  3 dart slugs
  3 ribbon worms (D:3)
  78 orcs
  8 ball pythons
  7 bats
  6 endoplasms
  4 giant cockroaches
  11 goblins
  10 hobgoblins
  10 jackals
  30 kobolds
  6 quokkas
  5 frilled lizards
  5 rats
706 creatures vanquished.

Vanquished Creatures (collateral kills)
  A sphinx (Vaults:1)
  Erolcha (D:11)
  A vault guard (Vaults:1)
  A two-headed ogre (Orc:2)
  An arcanist (Vaults:1)
  2 lindwurms (Vaults:1)
  2 elephants (Lair:3)
  A troll (Orc:2)
  2 blink frogs (Lair:1)
  A spriggan (D:10)
  A basilisk (D:10)
  2 ogres
16 creatures vanquished.

Vanquished Creatures (others)
  A dancing weapon (Vaults:1)
  An ironbound frostheart (Vaults:1)
  A bog body (Swamp:1)
  An orc sorcerer (Orc:2)
  A cyclops (Orc:2)
  2 meliai (D:14)
  A komodo dragon (Lair:3)
  A bloated husk (Swamp:1)
  A blink frog (Lair:3)
  A wyvern (Lair:3)
  3 vampire mosquitoes (Swamp:1)
  A human (D:4)
  3 ogres
  2 electric eels (Lair:2)
20 creatures vanquished.

Grand Total: 742 creatures vanquished

Notes
Turn   | Place    | Note
-------+----------+-------------------------------------------
     0 | D:1      | spaghetti the Oni Chaos Knight began the quest for the Orb.
     0 | D:1      | Reached XP level 1. HP: 24/24 MP: 1/1
    60 | D:1      | Found a faded altar of an unknown god.
    82 | D:1      | Reached XP level 2. HP: 32/32 MP: 2/2
   133 | D:1      | Reached skill level 1 in Armour
   323 | D:1      | Reached XP level 3. HP: 40/40 MP: 3/3
   722 | D:1      | XOM: silly message
   763 | D:2      | XOM: silly message
  1036 | D:2      | XOM: swap monsters
  1072 | D:2      | XOM: smoke on damage
  1196 | D:3      | XOM: polymorph adder -> hobgoblin
  1197 | D:3      | Reached skill level 5 in Fighting
  1197 | D:3      | Reached XP level 4. HP: 38/50 MP: 4/4
  1199 | D:3      | XOM: 1-stop teleportation journey
  1384 | D:3      | Gained mutation: You passively map a small area around you.
                  | [potion of mutation]
  1384 | D:3      | Gained mutation: You are partially covered in iridescent
                  | scales. (AC +2) [potion of mutation]
  1384 | D:3      | Gained mutation: You are agile. (Dex +4, Str/Int -1)
                  | [potion of mutation]
  1384 | D:3      | Gained mutation: Your mind is acute. (Int +4, Str/Dex -1)
                  | [potion of mutation]
  1417 | D:3      | XOM: 3-stop teleportation journey
  1671 | D:3      | Found a burning altar of Makhleb.
  1672 | D:3      | Found a shimmering altar of Xom.
  1675 | D:3      | Reached XP level 5. HP: 57/57 MP: 5/5
  1798 | D:3      | Found a sparkling altar of Nemelex Xobeh.
  1805 | D:3      | Found a radiant altar of Vehumet.
  1817 | D:3      | XOM: god gift: 7 stones
  1916 | D:4      | Identified the +9 mace of Resumed Hostilities {drain, rCorr
                  | Dex+2}
  1922 | D:4      | Found a snail-covered altar of Cheibriados.
  1943 | D:4      | Noticed Ijyb
  1952 | D:4      | Killed Ijyb
  1953 | D:4      | Reached skill level 1 in Maces & Flails
  2018 | D:4      | Noticed Grinder
  2018 | D:4      | XOM: give mutation
  2018 | D:4      | Gained mutation: You are mostly covered in iridescent
                  | scales. (AC +4) [Xom's grace]
  2021 | D:4      | Paralysed by Grinder for 2 turns
  2027 | D:4      | XOM: scenery: summon butterflies
  2034 | D:4      | Reached XP level 6. HP: 24/67 MP: 6/6
  2038 | D:4      | Killed Grinder
  2050 | D:4      | XOM is BORED!
  2050 | D:4      | XOM: summons 1 hostile demon
  2268 | D:4      | Reached XP level 7. HP: 72/74 MP: 7/7
  2271 | D:4      | Reached skill level 5 in Maces & Flails
  2275 | D:4      | Found an ancient bone altar of Kikubaaqudgha.
  2275 | D:4      | Noticed a human
  2279 | D:4      | Killed a human
  2334 | D:4      | Noticed Blork the orc
  2338 | D:4      | Killed Blork the orc
  2358 | D:4      | Found a shadowy altar of Dithmenos.
  2452 | D:4      | XOM: 1-stop teleportation journey
  2506 | D:4      | XOM: give mutation
  2506 | D:4      | Gained mutation: You are somewhat resistant to further
                  | mutation. [Xom's grace]
  2619 | D:5      | Entered Level 5 of the Dungeon
  2690 | D:5      | XOM: god gift: +0 demon trident of chaos
  2760 | D:5      | XOM: scenery: create altars
  2810 | D:5      | Reached skill level 6 in Fighting
  2916 | D:5      | Identified the +0 falchion of Duon {speed, Int+3}
  2949 | D:5      | XOM: divination: magic mapping
  2957 | D:5      | Reached skill level 7 in Fighting
  2957 | D:5      | Reached XP level 8. HP: 85/87 MP: 8/8
  3061 | D:5      | Reached skill level 8 in Fighting
  3062 | D:5      | Identified the +5 ring mail of the Thinker {Rampage MP+9
                  | Int-4}
  3065 | D:5      | Identified the +1 chain mail of Purpose {Str+3 Int+4}
  3094 | D:5      | Found a stormy altar of Qazlal.
  3179 | D:5      | Reached skill level 9 in Fighting
  3327 | D:5      | Found a staircase to the Ecumenical Temple.
  3346 | D:5      | XOM: give mutations
  3346 | D:5      | Gained mutation: You are strong-willed. (Will+) [Xom's
                  | grace]
  3346 | D:5      | Gained mutation: Your spells are a little harder to cast,
                  | but a little more powerful. [Xom's grace]
  3346 | D:5      | Gained mutation: You expend magic power (3 MP) to
                  | strengthen your wands. [Xom's grace]
  3550 | D:5      | XOM: scenery: summon butterflies
  3689 | D:6      | Reached skill level 10 in Fighting
  3793 | D:6      | XOM: divination: detect creatures
  3828 | D:6      | Found a basalt altar of Yredelemnul.
  3935 | D:6      | Noticed Pikel
  3944 | D:6      | XOM: fog
  3952 | D:6      | Reached skill level 11 in Fighting
  3956 | D:6      | Killed Pikel
  3957 | D:6      | Reached skill level 12 in Fighting
  3957 | D:6      | Reached XP level 9. HP: 57/107 MP: 9/9
  4194 | D:6      | XOM: 3-stop teleportation journey
  4377 | D:6      | Noticed Sigmund
  4384 | D:6      | Killed Sigmund
  4385 | D:6      | Reached skill level 13 in Fighting
  4397 | D:6      | XOM: divination: magic mapping
  4557 | D:6      | XOM: silly message
  4617 | D:7      | Noticed Menkaure
  4623 | D:7      | Killed Menkaure
  4781 | D:7      | Found a flagged portal.
  4878 | D:7      | Reached skill level 14 in Fighting
  5035 | D:8      | XOM: silly message
  5037 | D:8      | Noticed Gastronok
  5042 | D:8      | XOM: noise
  5043 | D:8      | XOM: silly message
  5052 | D:8      | Killed Gastronok
  5053 | D:8      | Reached skill level 15 in Fighting
  5053 | D:8      | Reached XP level 10. HP: 105/127 MP: 10/10
  5152 | D:8      | Reached skill level 16 in Fighting
  5538 | D:8      | XOM: give mutation
  5538 | D:8      | Lost mutation: Your spells are a little harder to cast, but
                  | a little more powerful. [Xom's mischief]
  5616 | D:8      | XOM: 2-stop teleportation journey
  5620 | D:8      | XOM: enchant monster (bad)
  5638 | D:8      | XOM: divination: detect items
  5643 | D:8      | XOM: silly message
  5861 | D:8      | XOM: silly message
  6084 | D:8      | XOM: silly message
  6322 | D:7      | Noticed Duvessa
  6325 | D:7      | XOM: silly message
  6327 | D:7      | Noticed Dowan
  6331 | D:7      | Killed Duvessa
  6332 | D:7      | Reached skill level 17 in Fighting
  6333 | D:7      | Killed Dowan
  6463 | D:7      | Found a blossoming altar of Fedhas.
  6522 | D:7      | XOM: divination: detect items
  6541 | D:7      | Reached skill level 18 in Fighting
  6574 | D:7      | Reached XP level 11. HP: 77/143 MP: 11/11
  6589 | D:7      | Reached skill level 19 in Fighting
  6763 | D:7      | XOM: silly message
  7342 | D:7      | XOM: potion effect (invisibility)
  7432 | D:7      | Noticed Maurice
  7440 | D:7      | Maurice stole a ring of wizardry
  7449 | D:7      | Killed Maurice
  8022 | D:9      | Found a white marble altar of Elyvilon.
  8024 | D:9      | Noticed a death yak
  8038 | D:10     | Entered Level 10 of the Dungeon
  8211 | D:10     | Reached skill level 20 in Fighting
  8214 | D:10     | Found a staircase to the Orcish Mines.
  8307 | D:10     | XOM: enchant monster (good)
  8429 | D:10     | Identified the amulet "Niffeg" {Acrobat rC++ Regen+}
  8437 | D:10     | Found a staircase to the Lair.
  8437 | D:10     | Noticed a death yak
  8511 | D:10     | XOM: polymorph basilisk -> spriggan
  8562 | D:11     | XOM: silly message
  8562 | D:11     | Noticed a manticore
  8565 | D:11     | XOM: summons friendly iron imp
  8571 | D:11     | Noticed Erolcha
  8578 | D:11     | Killed a manticore
  8582 | D:11     | XOM: 3-stop teleportation journey
  8810 | D:11     | Noticed a purple ugly thing
  8813 | D:11     | XOM: noise
  8817 | D:11     | XOM: swap monsters
  8822 | D:11     | Killed a purple ugly thing
  8823 | D:11     | Reached skill level 21 in Fighting
  9085 | D:11     | XOM: give mutation
  9085 | D:11     | Lost mutation: You are somewhat resistant to further
                  | mutation. [Xom's mischief]
  9100 | D:11     | XOM: summons friendly white imp
  9106 | D:11     | Killed Erolcha
  9285 | D:10     | Identified the +3 rapier "Fiepus" {flame, MP+9}
  9437 | D:10     | XOM: silly message
  9574 | D:10     | XOM: noise
  9579 | D:10     | Killed a death yak
  9580 | D:10     | Reached XP level 12. HP: 149/162 MP: 12/12
  9900 | D:12     | Noticed Lodul
  9900 | D:12     | XOM: 1-stop teleportation journey
  9904 | D:12     | Noticed a two-headed ogre
  9913 | D:12     | Reached skill level 22 in Fighting
  9919 | D:12     | Killed a two-headed ogre
  9922 | D:12     | Noticed a two-headed ogre
  9929 | D:12     | XOM: destruction
  9932 | D:12     | Killed a two-headed ogre
 10121 | D:12     | Noticed a two-headed ogre
 10124 | D:12     | XOM: scenery: 2 doors open
 10126 | D:12     | XOM: give mutation
 10126 | D:12     | Gained mutation: You are very agile. (Dex +8, Str/Int -2)
                  | [Xom's mischief]
 10130 | D:12     | Killed a two-headed ogre
 10188 | D:12     | Noticed Urug
 10196 | D:12     | Killed Urug
 10253 | D:12     | XOM: enchant monster (bad)
 10261 | D:12     | Reached skill level 23 in Fighting
 10300 | D:12     | XOM is BORED!
 10300 | D:12     | XOM: summons 2 hostile demons
 10326 | D:12     | XOM: give mutations
 10326 | D:12     | Gained mutation: You are highly strong-willed. (Will++)
                  | [Xom's grace]
 10326 | D:12     | Gained mutation: You have a pair of horns on your head.
                  | [Xom's grace]
 10326 | D:12     | Gained mutation: Your mind is very acute. (Int +8, Str/Dex
                  | -2) [Xom's grace]
 10326 | D:12     | Gained mutation: You are partially covered in large bone
                  | plates. (SH +4) [Xom's grace]
 10339 | D:12     | Found the +10 tower shield of Ignorance {rN+ Int-4}
 10345 | D:12     | Found a runed translucent door.
 10352 | D:12     | XOM: summons friendly white imp
 10356 | D:12     | Killed Lodul
 10384 | D:12     | XOM: god gift: pair of gloves {god gift}
 10416 | D:12     | Found a flickering gateway to a bazaar.
 10423 | Bazaar   | Entered a bazaar
 10460 | Bazaar   | XOM: draining
 10462 | Bazaar   | Found Akhintun's Weapon Shoppe.
 10466 | Bazaar   | Found Huup Ykh's General Store.
 10475 | Bazaar   | Found Doc Eboi's Magic Scroll Boutique.
 10483 | Bazaar   | Bought a scroll of teleportation for 18 gold pieces
 10483 | Bazaar   | Bought a scroll of enchant armour for 45 gold pieces
 10499 | Bazaar   | Found Gethrez's Magic Scroll Boutique.
 10508 | Bazaar   | Found Fiut Zon's Antique Weapon Shoppe.
 10537 | Bazaar   | Bought a scroll of fear for 44 gold pieces
 10537 | Bazaar   | Bought a scroll of fog for 44 gold pieces
 10561 | Bazaar   | Bought a scroll of fear for 24 gold pieces
 10561 | Bazaar   | Bought a scroll of fog for 24 gold pieces
 10705 | D:12     | XOM: summons friendly iron imp
 10708 | D:12     | Noticed a two-headed ogre
 10710 | D:12     | XOM: polymorph iron imp -> lemure
 10727 | D:12     | Killed a two-headed ogre
 10904 | D:12     | Found a runed translucent door.
 11041 | D:12     | XOM is BORED!
 11041 | D:12     | XOM: summons 6 hostile demons
 11042 | D:12     | Noticed a sun demon
 11201 | D:13     | Noticed a centaur warrior
 11209 | D:13     | XOM: divination: detect creatures
 11217 | D:13     | Killed a centaur warrior
 11218 | D:13     | Reached skill level 24 in Fighting
 11305 | D:13     | XOM: noise
 11306 | D:13     | XOM: confusion (+ monsters)
 11355 | D:13     | XOM: give mutations
 11355 | D:13     | Lost mutation: Your mind is very acute. (Int +8, Str/Dex
                  | -2) [Xom's mischief]
 11355 | D:13     | Lost mutation: You are mostly covered in iridescent scales.
                  | (AC +4) [Xom's mischief]
 11355 | D:13     | Lost mutation: You are partially covered in large bone
                  | plates. (SH +4) [Xom's mischief]
 11392 | D:13     | Noticed a centaur warrior
 11400 | D:13     | Killed a centaur warrior
 11413 | D:13     | Found a gate leading to a gauntlet.
 11476 | Gauntlet | Entered a Gauntlet
 11476 | Gauntlet | Found a transporter.
 11484 | Gauntlet | Noticed a death scarab
 11485 | Gauntlet | Found a transporter.
 11488 | Gauntlet | Found a transporter.
 11489 | Gauntlet | Found a transporter.
 11497 | Gauntlet | Found a transporter.
 11500 | Gauntlet | Found a transporter.
 11501 | Gauntlet | Found a transporter.
 11508 | Gauntlet | Noticed an entropy weaver
 11513 | Gauntlet | Found a transporter.
 11514 | Gauntlet | Found a transporter.
 11518 | Gauntlet | Found a transporter.
 11526 | Gauntlet | Found a transporter.
 11526 | Gauntlet | Found a transporter.
 11527 | Gauntlet | Found a transporter.
 11529 | Gauntlet | Noticed a death yak
 11530 | Gauntlet | Noticed a death yak
 11530 | Gauntlet | Noticed a death yak
 11535 | Gauntlet | Found a transporter.
 11616 | Gauntlet | XOM: confusion
 11617 | Gauntlet | XOM: smoke on damage
 11625 | Gauntlet | XOM: potion effect (magic)
 11781 | Gauntlet | XOM: enchant monster (good)
 11784 | Gauntlet | Reached XP level 13. HP: 140/164 MP: 13/13
 11867 | Gauntlet | Noticed a minotaur
 11870 | Gauntlet | XOM: scenery: summon butterflies
 11998 | D:13     | XOM: give mutations
 11998 | D:13     | Lost mutation: You are very agile. (Dex +8, Str/Int -2)
                  | [Xom's mischief]
 11998 | D:13     | Gained mutation: You are very agile. (Dex +8, Str/Int -2)
                  | [Xom's mischief]
 11998 | D:13     | Lost mutation: Your mind is acute. (Int +4, Str/Dex -1)
                  | [Xom's mischief]
 12140 | D:13     | XOM: 10-stop teleportation journey
 12144 | D:13     | XOM: divination: detect items
 12187 | D:13     | Reached skill level 5 in Dodging
 12718 | D:13     | XOM: confuse monster(s)
 12723 | D:13     | XOM: noise
 12771 | D:14     | XOM: 1-stop teleportation journey
 12825 | D:15     | Entered Level 15 of the Dungeon
 13003 | D:15     | XOM: summons 3 friendly demons
 13009 | D:15     | XOM: noise
 13010 | D:15     | XOM: smoke on damage
 13088 | D:15     | Noticed Nessos
 13101 | D:15     | Killed Nessos
 13165 | D:14     | XOM: divination: detect creatures
 13193 | D:14     | XOM: destruction
 13216 | D:15     | Identified the +11 mace "Suixekkeaff" {flame, *Rage rN++
                  | rCorr Stlth+}
 13220 | D:15     | XOM: 8-stop teleportation journey
 13244 | D:15     | XOM: god gift: 45 gold pieces
 13277 | D:15     | XOM: god gift: small cabochon ring {god gift}
 13327 | D:15     | XOM: cast spell 'Summon Hydra'
 13387 | D:15     | XOM: god gift: scroll of enchant armour
 13396 | D:15     | XOM: divination: magic mapping
 13401 | D:15     | Reached skill level 25 in Fighting
 13431 | D:15     | Noticed a fire dragon
 13546 | D:14     | XOM: scenery: create altars
 13599 | D:14     | Identified the +6 halberd "Deypuex" {flame, *Slow rElec
                  | Will+ Str+3}
 13634 | D:14     | XOM: noise
 13654 | D:14     | Noticed a vault guard
 13702 | D:14     | XOM: scenery: create altars
 13741 | D:15     | XOM: silly message
 13751 | D:15     | XOM: noise
 13898 | D:14     | XOM: smoke on damage
 13919 | D:14     | XOM: potion effect (haste)
 13995 | D:14     | Noticed a vault guard
 14003 | D:14     | Killed a vault guard
 14081 | D:14     | XOM: divination: detect items
 14084 | D:14     | Killed a vault guard
 14085 | D:14     | Reached XP level 14. HP: 192/192 MP: 14/14
 14187 | D:14     | Found a gate to the Vaults.
 14317 | D:14     | Found a portal to a secret trove of treasure.
 14623 | Lair:1   | Entered Level 1 of the Lair of Beasts
 14755 | Lair:1   | XOM: cast spell 'Fugue of the Fallen'
 14761 | Lair:1   | XOM: divination: detect creatures
 14881 | Lair:1   | XOM: divination: detect creatures
 14891 | Lair:1   | Found a runed translucent door.
 14891 | Lair:1   | Noticed RotoMola's ghost (journeyman DrEn)
 14913 | Lair:1   | Reached skill level 10 in Dodging
 15066 | Lair:1   | You fall into a shaft and drop 1 floor!
 15081 | Lair:2   | XOM: divination: detect items
 15224 | Lair:2   | Noticed Erica
 15227 | Lair:2   | XOM: enchant monster (good)
 15229 | Lair:2   | Killed Erica
 15530 | Lair:2   | XOM: silly message
 15747 | Lair:1   | Reached skill level 26 in Fighting
 15771 | Lair:1   | XOM: divination: magic mapping
 15772 | Lair:1   | XOM: summons friendly quasit
 15785 | Lair:1   | XOM: cast spell 'Iskenderun's Battlesphere'
 15796 | Lair:1   | XOM: summons 5 friendly demons
 15967 | Lair:1   | Killed RotoMola's ghost
 16322 | Lair:2   | Found a staircase to the Swamp.
 16450 | Lair:2   | XOM: give mutations
 16450 | Lair:2   | Gained mutation: You have sharp toenails. [Xom's grace]
 16450 | Lair:2   | Gained mutation: You have very sharp teeth. [Xom's grace]
 16450 | Lair:2   | Lost mutation: You have sharp toenails. [Xom's grace]
 16450 | Lair:2   | Gained mutation: You have large cloven feet. [Xom's grace]
 16654 | Lair:2   | XOM: scenery: summon butterflies
 16806 | Lair:3   | XOM: summons 12 friendly demons
 16856 | Lair:3   | XOM: fog
 16857 | Lair:3   | XOM: cast spell 'Cause Fear'
 16862 | Lair:3   | XOM: destruction
 16867 | Lair:3   | XOM: polymorph yak -> shapeshifter
 16994 | Lair:3   | XOM: summons friendly quasit
 17014 | Lair:3   | Noticed Rupert
 17021 | Lair:3   | Rupert changed into Rupert the alligator
 17021 | Lair:3   | Noticed Rupert
 17021 | Lair:3   | XOM: polymorph Rupert -> Rupert the alligator
 17024 | Lair:3   | Killed Rupert the alligator
 17025 | Lair:3   | XOM: give mutations
 17025 | Lair:3   | Gained mutation: You are somewhat resistant to further
                  | mutation. [Xom's grace]
 17025 | Lair:3   | Gained mutation: You possess an exceptional clarity of
                  | mind. [Xom's grace]
 17025 | Lair:3   | Gained mutation: You are mostly covered in iridescent
                  | scales. (AC +4) [Xom's grace]
 17470 | Lair:3   | Found a staircase to the Snake Pit.
 17646 | Lair:3   | XOM: cleaving
 17746 | Lair:3   | Reached XP level 15. HP: 200/205 MP: 15/15
 18081 | Lair:3   | XOM: 4-stop teleportation journey
 18110 | Lair:3   | XOM: silly message
 18232 | Lair:4   | XOM: polymorph elephant -> fire bat
 18355 | Lair:4   | XOM is BORED!
 18355 | Lair:4   | XOM: give mutations
 18355 | Lair:4   | Lost mutation: You have large cloven feet. [Xom's mischief]
 18355 | Lair:4   | Lost mutation: You are highly strong-willed. (Will++)
                  | [Xom's mischief]
 18406 | Lair:4   | XOM: summons friendly ufetubus
 18622 | Lair:4   | Found a runed translucent door.
 18623 | Lair:4   | Noticed Larett's ghost (journeyman OnGl)
 18656 | Lair:4   | XOM: summons 3 hostile shadow creatures
 18674 | Lair:4   | XOM: 4-stop teleportation journey
 18871 | Lair:4   | Identified the +6 short sword of the Bear {freeze, rPois
                  | rN+ Dex+5}
 18992 | Lair:4   | XOM: potion effect (brilliance)
 18993 | Lair:4   | XOM: divination: magic mapping
 19004 | Lair:4   | Identified the +4 dagger of Karma {speed, Dex+3}
 19075 | Lair:4   | XOM: divination: detect items
 19150 | Lair:4   | XOM: cloud trail
 19203 | Lair:4   | XOM: silly message
 19386 | Lair:4   | Killed Larett's ghost
 19608 | D:15     | Noticed Roxanne
 19755 | Orc:1    | Entered Level 1 of the Orcish Mines
 19761 | Orc:1    | XOM: noise
 19768 | Orc:1    | XOM: enchant monster (bad)
 19977 | Orc:2    | Entered Level 2 of the Orcish Mines
 19977 | Orc:2    | Found a staircase to the Elven Halls.
 19977 | Orc:2    | Found Ifen's Magic Scroll Shop.
 19983 | Orc:2    | Found Taniotia's Overcharged Wands.
 20014 | Orc:2    | Bought a scroll of brand weapon for 142 gold pieces
 20014 | Orc:2    | Bought a scroll of enchant armour for 112 gold pieces
 20041 | Orc:2    | XOM: polymorph ogre -> quokka
 20073 | Orc:2    | XOM: cleaving
 20078 | Orc:2    | XOM: enchant monster (good)
 20299 | Orc:2    | XOM: potion effect (might)
 20408 | Orc:2    | XOM: chaos upgrade
 20521 | Orc:2    | XOM: summons 4 friendly demons
 20526 | Orc:2    | Reached skill level 27 in Fighting
 20547 | Orc:2    | XOM: enchant monster (good)
 20609 | Orc:2    | XOM: chaos cloud
 20722 | Orc:2    | XOM: divination: detect creatures
 20741 | Orc:2    | XOM: potion effect (attraction)
 20747 | Orc:2    | XOM: divination: magic mapping
 20757 | Orc:2    | XOM: divination: detect items
 20942 | Orc:2    | Found Litasiem's Distillery.
 20948 | Orc:2    | Found Josiab's Armour Boutique.
 20952 | Orc:2    | Found Gewor's Distillery.
 20957 | Orc:2    | Found Amaozun's General Store.
 21096 | Orc:2    | XOM: silly message
 21563 | D:9      | XOM: divination: detect creatures
 22330 | Swamp:1  | Entered Level 1 of the Swamp
 22333 | Swamp:1  | XOM: 3-stop teleportation journey
 22351 | Swamp:1  | XOM: cast spell 'Disjunction'
 22364 | Swamp:1  | XOM: cast spell 'Summon Small Mammal'
 22367 | Swamp:1  | Noticed a fenstrider witch
 22369 | Swamp:1  | Reached skill level 1 in Throwing
 22370 | Swamp:1  | XOM: potion effect (might)
 22371 | Swamp:1  | Reached skill level 1 in Evocations
 22691 | Vaults:1 | Entered Level 1 of the Vaults
 22716 | Vaults:1 | XOM: summons friendly quasit
 22720 | Vaults:1 | XOM: enchant monster (good)
 22826 | Vaults:1 | Found a huge runed translucent gate.
 22826 | Vaults:1 | Found a huge runed translucent gate.
 22826 | Vaults:1 | Found a huge runed translucent gate.
 22826 | Vaults:1 | Found a huge runed translucent gate.
 22826 | Vaults:1 | Found a huge runed translucent gate.
 22826 | Vaults:1 | Found a huge runed translucent gate.
 22826 | Vaults:1 | Found a huge runed translucent gate.
 22827 | Vaults:1 | Found a huge runed translucent gate.
 22827 | Vaults:1 | Found a huge runed translucent gate.
 22827 | Vaults:1 | Found a huge runed translucent gate.
 22827 | Vaults:1 | Found a huge runed translucent gate.
 22827 | Vaults:1 | Found a huge runed translucent gate.
 22828 | Vaults:1 | Found a huge runed translucent gate.
 22828 | Vaults:1 | Found a huge runed translucent gate.
 22828 | Vaults:1 | Found a huge runed translucent gate.
 22838 | Vaults:1 | XOM: swap monsters
 22848 | Vaults:1 | Reached XP level 16. HP: 217/217 MP: 16/16
 22865 | Vaults:1 | Found a huge runed translucent gate.
 22866 | Vaults:1 | Found a huge runed translucent gate.
 22867 | Vaults:1 | Found a huge runed translucent gate.
 22868 | Vaults:1 | Found a huge runed translucent gate.
 22869 | Vaults:1 | Found a huge runed translucent gate.
 22869 | Vaults:1 | Found a huge runed translucent gate.
 22873 | Vaults:1 | Found a huge runed translucent gate.
 22923 | Vaults:1 | XOM: polymorph vault guard -> orb spider
 23220 | Vaults:1 | Reached skill level 15 in Dodging
 23337 | Vaults:1 | XOM: confuse monster(s)
 23487 | Vaults:1 | Found a huge runed translucent gate.
 23487 | Vaults:1 | Found a huge runed translucent gate.
 23487 | Vaults:1 | Found a huge runed translucent gate.
 23489 | Vaults:1 | Found a huge runed translucent gate.
 23489 | Vaults:1 | Found a huge runed translucent gate.
 23490 | Vaults:1 | Found a huge runed translucent gate.
 23491 | Vaults:1 | Found a huge runed translucent gate.
 23491 | Vaults:1 | Found a huge runed translucent gate.
 23491 | Vaults:1 | Found a huge runed translucent gate.
 23524 | Vaults:1 | Found a huge runed translucent gate.
 23525 | Vaults:1 | Found a huge runed translucent gate.
 23525 | Vaults:1 | Found a huge runed translucent gate.
 23525 | Vaults:1 | Found a huge runed translucent gate.
 23560 | Vaults:1 | Found a huge runed translucent gate.
 23633 | Vaults:1 | XOM: divination: detect items
 23638 | Vaults:1 | XOM: 1-stop teleportation journey
 23714 | Vaults:1 | XOM: stat loss: -1 Int (10/11)
 23724 | Vaults:1 | XOM: chaos upgrade
 23957 | Vaults:1 | XOM: summons friendly white imp
 23962 | Vaults:1 | XOM: polymorph deep troll -> black mamba
 24027 | Vaults:1 | XOM: 2-stop teleportation journey
 24092 | Vaults:1 | Noticed a sphinx
 24095 | Vaults:1 | XOM: summons 5 friendly demons
 24098 | Vaults:1 | Killed a sphinx
 24099 | Vaults:1 | Reached skill level 5 in Throwing
 24284 | Vaults:1 | XOM: 1-stop teleportation journey
 24288 | Vaults:1 | XOM: divine lightning
 24311 | Vaults:1 | XOM: summons friendly ufetubus
 24313 | Vaults:1 | XOM: enchant monster (good)
 24392 | Vaults:1 | XOM: fog
 24426 | Vaults:1 | Identified the ring "Myganetz" {rF+ Will+ Dex+3} (Xom
                  | gifted it to you on level 1 of the Vaults)
 24426 | Vaults:1 | XOM: god gift: ring "Myganetz" {rF+ Will+ Dex+3}
 24438 | Vaults:1 | HP: 9/217 [vault guard/+0 great sword[a vault warden] (13)]
 24439 | Vaults:1 | Reached skill level 5 in Evocations
 24663 | Vaults:1 | XOM: smoke on damage
 24674 | Vaults:1 | XOM: fog
 24675 | Vaults:1 | XOM: polymorph ironbound frostheart -> shock serpent
 24678 | Vaults:1 | Killed from afar by a shock serpent

Illustrated notes

Levels and vault maps discovered:
D:1:      dpeg_arrival_simpleton_a, layout_loops_ring,
          hellmonk_ecumenical_altar_blasted
D:2:      layout_basic
D:3:      layout_rooms, jmf_multi_god_temple2,
          grunt_temple_overflow_champion_of_chaos, uniq_crazy_yiuf_cottage
D:4:      layout_rooms, mainiacjoe_overflow_tiny_flanked, lemuel_tele_altar,
          tgw_kikubaaqudgha, uniq_blork_the_orc, uniq_ijyb, uniq_grinder
D:5:      layout_loops_ring, nicolae_qazlal_general_emergency,
          minmay_temple_entry_arrows
D:6:      layout_loops_ring, overflow_temple_1_default, st_stairs_9,
          dk_noncrumbling_4, serial_library_hellmonk_room_a,
          kennysheep_small_spiral, uniq_pikel, uniq_sigmund
D:7:      erik_cavepeople, layout_loops_corners, mainiacjoe_overflow_brackets,
          enter_bailey_3, uniq_maurice, uniq_menkaure, uniq_duvessa
D:8:      layout_gridville, uniq_gastronok
D:9:      layout_basic, nicolae_overflow_crystal_walls, serial_ice,
          serial_ice_a, serial_ice_h, serial_ice_o, serial_ice_i
D:10:     layout_irregular_city, david_lair_generic, hiddenorc2_lemuel,
          nicolae_concentric_dashed_squares_mild
D:11:     layout_basic, uniq_erolcha
D:12:     layout_basic, serial_shops, bzr_entry_gold,
          chequers_guarded_unrand_ignorance, uniq_lodul, uniq_urug
D:13:     layout_roguey, gauntlet_entry_generic
D:14:     layout_big_octagon, hellmonk_vaults_keyhole,
          hangedman_abyss_or_decor_slice, enter_trove_5, kennysheep_boxes
D:15:     hellmonk_depths_entry_around_the_bend, layout_basic,
          eino_house_with_fridge, uniq_roxanne, uniq_nessos
Lair:1:   layout_big_grid, gammafunk_ghost_grave, st_stairs_9,
          grunt_megastairs_4
Lair:2:   layout_layer_cave, minmay_swamp_entry_worms, serial_bayou,
          serial_bayou_crossing, serial_bayou_shore_b, serial_bayou_ford_a,
          serial_bayou_shore_a, grunt_megastairs_3, uniq_erica
Lair:3:   layout_cave_pods, minmay_snake_entry_guardpost_large,
          grunt_megastairs_2, uniq_rupert
Lair:4:   layout_hall_layers, gammafunk_ghost_grave, grunt_megastairs_5,
          serial_bayou_shore_b
Swamp:1:  layout_falls_marsh, nicolae_swamp_fairy_circle
Orc:1:    layout_diamond_mine
Orc:2:    st_orc_open, layout_caves, serial_shops, shop,
          nicolae_shop_overcharged_wands
Vaults:1: nicolae_vaults_little_squares_2, st_more_cells, not_door_vault_mu,
          v_pattern_5, nicolae_vaults_ellipses_ellipsis,
          nicolae_vaults_closet_pinwheel_5, nicolae_vaults_little_ls,
          nicolae_vaults_tetromino_T_1, layout_vaults_chaotic_city

Skill      XL: |  1  2  3  4  5  6  7  8  9 10 11 12 13 14 15 16 |
---------------+-------------------------------------------------+-----
Armour         | 1 2 |  2.4
Fighting       | 5 7 12 15 18 21 24 25 26 27 | 27.0
Dodging        | 3 4 9 12 14 15 | 15.7
Maces & Flails | 2 4 6 |  6.1
Throwing       | 2 6 |  6.6
Evocations     | 1 5 |  5.4
Unarmed Combat | |  2.6

Action                     |  1- 3 |  4- 6 |  7- 9 | 10-12 | 13-15 | 16-18 || total
---------------------------+-------+-------+-------+-------+-------+-------++-------
  Melee: Unarmed           |   145 |    98 |       |       |       |       ||   243
         Headbutt          |    20 |    15 |    35 |   100 |   260 |    89 ||   519
         Punch             |     2 |     3 |     2 |    15 |    16 |    11 ||    49
         Mace              |       |    18 |   188 |   525 |  1038 |   258 ||  2027
         Kick              |       |       |       |       |    66 |       ||    66
         Bite              |       |       |       |       |    89 |    53 ||   142
  Throw: Dart              |       |       |       |       |     8 |     4 ||    12
         Throwing net      |       |       |       |       |     2 |       ||     2
         Large rock        |       |       |       |       |     1 |     8 ||     9
  Evoke: Wand              |       |       |       |    15 |    25 |       ||    40
    Use: Scroll            |     1 |     5 |     2 |    11 |    18 |     7 ||    44
         Potion            |       |     4 |     1 |     9 |     9 |     5 ||    28
   Stab: Sleeping          |       |     2 |     1 |     2 |     9 |     3 ||    17
         Invisible         |       |       |       |     2 |     5 |       ||     7
         Paralysed         |       |       |       |       |     2 |       ||     2
         Distracted        |       |       |       |       |     1 |       ||     1
 Armour: Robe              |   106 |    84 |   160 |   462 |   714 |       ||  1526
         Skin              |       |     1 |       |    58 |       |       ||    59
         Troll leather arm |       |       |       |       |   139 |   260 ||   399
  Dodge: Dodged            |    91 |    66 |   101 |   501 |  1686 |   519 ||  2964
  Block: Other             |       |       |       |    11 |       |       ||    11
